 Dungeon Crawl Stone Soup version 0.18.1-48-g4cf74bf (webtiles) character file.

223763 MTVSty1e the Severer (level 20, -8/163 HPs)
             Began as a Formicid Fighter on July 29, 2016.
             Was a High Priest of the Shining One.
             Killed from afar by a fire dragon (35 damage)
             ... with a blast of flame
             ... on level 1 of the Depths on July 30, 2016.
             The game lasted 02:28:01 (36196 turns).

MTVSty1e the Severer (Formicid Fighter)            Turns: 36196, Time: 02:28:05

Health: -8/163     AC: 31    Str: 36    XL:     20   Next: 4%
Magic:  29/29      EV: 17    Int: 11    God:    the Shining One [*****.]
Gold:   2137       SH: 23    Dex: 10    Spells: 1 memorised, 14 levels left

rFire  . . .     SeeInvis +     a - +6 battleaxe
rCold  . . .     Gourm    .     d - +0 plate armour
rNeg   + + +     Faith    .     y - +0 large shield
rPois  .         Spirit   .     (helmet unavailable)
rElec  +         Dismiss  .     F - +2 cloak
rCorr  .         Reflect  .     h - +2 pair of gloves of the Thistle {rElec Str+5}
SustAt .         Harm     .     K - +0 pair of boots "Rim Genu" {MR+ Int+2}
MR     +++++     Clarity  +     E - amulet of the Four Winds {rN+ MR+++ Clar}
Stlth  ..........               j - +5 ring of evasion
                                m - +5 ring of protection

@: lethally poisoned (-8 -> -11), glowing, almost entirely resistant to hostile
enchantments, extremely unstealthy
A: permanent stasis, dig shafts and tunnels, four strong arms, antennae 3,
shaggy fur 1, electricity resistance, strong 1
a: Dig, Shaft Self, Divine Shield, Cleansing Flame, Summon Divine Warrior,
Renounce Religion
}: 1/15 runes: barnacled


You were on level 1 of the Depths.
You worshipped the Shining One.
The Shining One was extremely pleased with you.
You were not hungry.

You visited 9 branches of the dungeon, and saw 35 of its levels.
You also visited: Sewer.

You collected 3506 gold pieces.
You spent 1369 gold pieces at shops.

Inventory:

Hand Weapons
 a - a +6 battleaxe (weapon)
 q - a +2 broad axe of flaming
 N - a +2 spear of piercing
Missiles
 z - 7 javelins of penetration (quivered)
Armour
 d - a +0 plate armour (worn)
 h - the +2 pair of gloves of the Thistle (worn) {rElec Str+5}
   (You found it on level 12 of the Dungeon)

   It affects your strength (+5).
   It insulates you from electricity.
 y - a +0 large shield (worn)
 F - a +2 cloak (worn)
 G - the +0 scale mail of Vehumet's Indignation {Str+7 Dex-5}
   (You found it on level 1 of the Depths)

   It affects your strength (+7).
   It affects your dexterity (-5).
 K - the +0 pair of boots "Rim Genu" (worn) {MR+ Int+2}
   (You bought it in a shop on level 15 of the Dungeon)

   It affects your intelligence (+2).
   It affects your resistance to hostile enchantments.
Jewellery
 j - a +5 ring of evasion (right hand)
 m - a +5 ring of protection (left hand)
 p - a +5 ring of intelligence
 t - an uncursed ring of protection from fire
 E - the amulet of the Four Winds (around neck) {rN+ MR+++ Clar}
   (You found it on level 6 of the Dungeon)

   [amulet of nothing]

   It protects you from negative energy.
   It affects your resistance to hostile enchantments.
   It protects you against confusion.
 P - an uncursed ring of protection from magic
 R - an uncursed ring of resist corrosion
 S - an uncursed ring of ice
 V - an uncursed ring of flight
Wands
 e - a wand of flame (21/48)
 g - a wand of iceblast (13/15)
 v - a wand of paralysis (23/24)
 w - a wand of polymorph (13/24)
 T - a wand of acid (6/15)
 U - a wand of slowing (31/48)
 Y - a wand of heal wounds (2/9)
Scrolls
 b - 3 scrolls of fear
 c - 8 scrolls of identify
 i - 4 scrolls of fog
 k - 4 scrolls of amnesia
 l - 4 scrolls of enchant armour
 s - 10 scrolls of remove curse
 H - 4 scrolls of holy word
 L - 4 scrolls of magic mapping
Potions
 n - 4 potions of curing
 o - 4 potions of flight
 r - 3 potions of cancellation
 A - 3 potions of lignification
 B - 5 potions of magic
 I - 2 potions of mutation
 J - a potion of might
 O - 3 potions of brilliance
 Q - a potion of cure mutation
 X - a potion of ambrosia
 Z - a potion of agility
Miscellaneous
 W - 2 phantom mirrors
Comestibles
 f - 20 bread rations
 x - 24 fruits
 D - 12 royal jellies


   Skills:
 + Level 15.4 Fighting
 + Level 15.5(15.6) Axes
   Level 2.1(10.6) Maces & Flails
 - Level 1.1 Throwing
 + Level 13.7 Armour
 - Level 10.0 Dodging
 + Level 15.5 Shields
 - Level 1.1 Unarmed Combat
 - Level 1.1 Spellcasting
 - Level 9.7 Transmutations
 * Level 12.4 Invocations
 - Level 6.0 Evocations


You had 14 spell levels left.
You knew the following spells:

 Your Spells              Type           Power        Failure   Level  Hunger
a - Dragon Form           Trmt           ###.......   100%        7    #######


Dungeon Overview and Level Annotations

Branches:
Dungeon (15/15)            Temple (0/1) D:4            Lair (8/8) D:9
 Shoals (4/4) Lair:4        Snake (2/4) Lair:5        Slime (1/6) Lair:8
    Orc (2/2) D:11            Elf (1/3) Orc:2        Vaults (1/5) D:13
 Depths (1/5) D:15

Altars:
Ashenzari
Cheibriados
Dithmenos
Fedhas
Gozag
Makhleb
Nemelex Xobeh
Pakellas
Ru
Sif Muna
Trog
Vehumet
Yredelemnul
Zin
The Shining One
Beogh
Jiyva

Shops:
D:4 =(:*%   D:10 *   D:11 [   D:13 =   D:15 ([   Orc:1 [   Orc:2 (*[((
Shoals:3 *

Portals:
Bazaar: Elf:1

Annotations:
Shoals:4 exclusion: Roxanne, Roxanne
Depths:1 1 runed door, Aizul


Innate Abilities, Weirdness & Mutations

You are under a permanent stasis effect.
You can dig through walls and to a lower floor.
Your four strong arms can wield two-handed weapons with a shield.
You have a pair of large antennae on your head (SInv).
You are covered in fur (AC +1).
You are resistant to electric shocks.
Your muscles are strong. (Str +2)


Message History

Press: ? - help, Shift-Dir - straight line, f - you You feel much better.
This wand has 2 charges left.
You feel sick.
The green ugly thing basks in the mutagenic energy from its kin and changes!
You block Aizul's attack.
You feel sick. Aizul hits you but does no damage.
Found a dwarf skeleton.
You feel sick. You block Aizul's attack.
You block the green ugly thing's attack.
The white ugly thing basks in the mutagenic energy from its kin and changes!
You block the green ugly thing's attack.
You block Aizul's attack.
A green ugly thing comes into view.
You feel sick.
The green ugly thing gurgles horribly!
The frost giant casts a spell at you. The bolt of cold hits you!
* * * LOW HITPOINT WARNING * * *
The fire dragon breathes flames at you. The blast of flame hits you!
You die...

#.........# #..u......#
#....u....# #.........#
#...u.....#############
#......................
#.###...C..................
........u......)...........
........S.@................
........D..................
#..........................
#..........................
#..........................
...........................
...........................
รท.###################.#####


You could see Aizul, a frost giant, a fire dragon and 4 ugly things.

Vanquished Creatures
  Nikola (Elf:1)
  An acid blob (Slime:1)
  A kraken (Shoals:4)
  The ghost of Ferkelamun the Spry, an adept MfSk of Okawaru (D:13)
  A balrug (Depths:1)
  Maud (Lair:5)
  2 stone giants
  A vampire knight (Depths:1)
  5 merfolk javelineers
  Josephine (Orc:1)
  Snorg (D:13)
  5 merfolk impalers
  A great orb of eyes (Depths:1)
  4 fire dragons
  Harold (Orc:1)
  5 merfolk aquamancers
  7 hydras
  2 ice dragons
  An alligator snapping turtle (Orc:2)
  5 centaur warriors
  2 merfolk avatars (Shoals:1)
  A satyr (Shoals:3)
  2 anacondas (Snake:1)
  An ogre mage (Depths:1)
  A deep troll shaman (D:15)
  A tengu warrior (D:13)
  A deep troll earth mage (D:14)
  A shock serpent (Snake:1)
  2 sun demons
  An orc high priest (Orc:2)
  4 naga sharpshooters (Snake:1)
  4 deep elf knights (Elf:1)
  An iron troll (D:15)
  5 unseen horrors
  The ghost of Heedrag the Destroyer, a novice DECj (D:10)
  2 deep trolls (D:15)
  9 sea snakes
  3 naga ritualists (Snake:1)
  16 harpies
  3 hill giants
  2 deep elf archers (Elf:1)
  2 orc knights
  A giant orange brain (Depths:1)
  2 phantasmal warriors (Depths:1)
  5 deep elf magi (Elf:1)
  5 mana vipers (Snake:1)
  A wolf spider (Lair:5)
  10 griffons
  7 cyclopes
  Maurice (D:8)
  5 fauns
  2 salamanders (Snake:1)
  12 manticores
  8 ugly things
  4 orc sorcerers
  10 elephants
  4 gargoyles
  4 water nymphs
  11 sirens
  A naga mage (Snake:1)
  17 black mambas
  The ghost of Heedrag the Destroyer, a novice DECj (D:6)
  2 ice statues (Shoals:1)
  37 spiny frogs
  4 rime drakes
  An efreet (D:15)
  10 komodo dragons
  2 freezing wraiths (D:15)
  A tengu conjurer (D:13)
  2 yaktaurs (shapeshifter)
  A queen bee (Lair:7)
  6 trolls
  The ghost of Shufflesack the Thaumaturge, a novice DEWz of Vehumet (D:4)
  A wandering mushroom (Lair:7)
  2 wind drakes (Shoals:1)
  3 giant leeches (Lair:8)
  28 merfolk
  3 two-headed ogres
  28 blink frogs
  13 slime creatures
  6 snapping turtles
  5 wraiths
  48 yaks
  3 shadows (D:13)
  A vampire (D:15)
  A fire elemental (Elf:1)
  A human (D:8)
  3 wyverns
  7 basilisks
  15 water elementals
  2 hungry ghosts
  5 hippogriffs
  A steam dragon (D:7)
  2 mottled dragons (D:15)
  8 vampire mosquitoes
  6 wargs
  Duvessa (D:4)
  9 nagas
  7 porcupines
  A soldier ant (shapeshifter) (D:13)
  18 water moccasins
  33 orc warriors
  6 ice beasts
  4 black bears
  An eye of draining (D:10)
  2 sky beasts
  A wasp (Lair:5)
  11 ogres
  10 centaurs
  A necrophage (D:13)
  4 boggarts
  4 wolves (Lair:4)
  12 crocodiles
  2 big kobolds
  39 giant frogs
  Dowan (D:4)
  2 scorpions
  24 killer bees (Lair:7)
  18 wights
  9 howler monkeys
  5 electric eels
  7 jellies
  18 crimson imps
  7 hounds
  A quasit (D:10)
  3 centaur zombies
  A centaur skeleton (D:7)
  19 orc priests
  31 orc wizards
  3 giant frog skeletons
  7 iguanas
  11 worker ants
  35 sheep
  A hound zombie (D:6)
  A worker ant zombie (D:10)
  21 adders
  3 gnolls (D:3)
  83 river rats
  3 shadow imps
  6 worms
  4 giant geckos
  104 orcs
  13 ball pythons
  7 giant cockroaches
  6 goblins
  5 hobgoblins
  12 jackals
  2 quokkas
  A ball python zombie (D:5)
  7 bats
  A giant gecko zombie (D:7)
  5 giant newts
  A jackal skeleton (D:6)
  28 kobolds
  A quokka skeleton (D:4)
  25 rats
  A bush (Lair:5)
  6 fungi
  18 plants
  A tentacle (Shoals:4)
1216 creatures vanquished.

Vanquished Creatures (collateral kills)
  Ilsuiw (Shoals:4)
  2 merfolk javelineers (Shoals:4)
  3 merfolk impalers
  A merfolk avatar (Shoals:2)
  3 merfolk aquamancers (Shoals:4)
  A tengu warrior (Depths:1)
  3 sea snakes
  3 fauns (Shoals:2)
  A cyclops (Shoals:4)
  A griffon (Shoals:4)
  3 sirens
  A water nymph (Shoals:4)
  4 merfolk
  2 wind drakes (Shoals:1)
  2 slime creatures (Depths:1)
  2 water elementals (Shoals:3)
33 creatures vanquished.

Vanquished Creatures (others)
  A rakshasa (D:3)
  A deep elf archer (Elf:1)
  2 deep elf magi (Elf:1)
  A merfolk (Shoals:4)
  A sheep (Shoals:4)
  An orc (Orc:1)
  11 fungi
  36 plants
  4 tentacles (Shoals:4)
  18 tentacle segments (Shoals:4)
76 creatures vanquished.

Grand Total: 1325 creatures vanquished

Notes
Turn   | Place    | Note
--------------------------------------------------------------
     0 | D:1      | MTVSty1e the Formicid Fighter began the quest for the Orb.
     0 | D:1      | Reached XP level 1. HP: 18/18 MP: 1/1
   379 | D:1      | Reached XP level 2. HP: 24/24 MP: 2/2
   974 | D:2      | Reached XP level 3. HP: 29/29 MP: 3/3
   999 | D:2      | Found a sparkling altar of Nemelex Xobeh.
  1509 | D:3      | Reached XP level 4. HP: 29/37 MP: 4/4
  1510 | D:3      | Reached skill level 1 in Maces & Flails
  1614 | D:3      | Reached skill level 1 in Dodging
  1627 | D:3      | Reached XP level 5. HP: 39/42 MP: 5/5
  2120 | D:3      | Found an oddly glowing altar of Pakellas.
  2120 | D:3      | Noticed a rakshasa
  2136 | D:3      | Killed a rakshasa
  2179 | D:4      | Found Ifeinkam's Antique Weapon Emporium.
  2284 | D:4      | Reached XP level 6. HP: 48/48 MP: 6/6
  2291 | D:4      | Found a staircase to the Ecumenical Temple.
  2328 | D:4      | Noticed Shufflesack's ghost (novice DEWz)
  2341 | D:4      | Noticed Dowan
  2356 | D:4      | Noticed Duvessa
  2357 | D:4      | Killed Shufflesack's ghost
  2357 | D:4      | Reached skill level 5 in Shields
  2357 | D:4      | Reached skill level 1 in Evocations
  2357 | D:4      | Reached XP level 7. HP: 43/54 MP: 6/8
  2365 | D:4      | Killed Duvessa
  2383 | D:4      | Killed Dowan
  2467 | D:4      | Found a glowing golden altar of the Shining One.
  2469 | D:4      | Noticed an angel
  2480 | D:4      | Became a worshipper of the Shining One
  2504 | D:4      | Found a basalt altar of Yredelemnul.
  2506 | D:4      | Noticed a profane servitor
  2574 | D:4      | Found Koato's Jewellery Boutique.
  2692 | D:4      | Found Cikosul's Book Emporium.
  2725 | D:4      | Found Lipyc's Food Boutique.
  3117 | D:4      | Found Hungoil's Assorted Antiques.
  3375 | D:5      | Entered Level 5 of the Dungeon
  3430 | D:5      | Reached XP level 8. HP: 24/61 MP: 9/9
  3638 | D:5      | Reached skill level 5 in Armour
  3820 | D:5      | Noticed a moth of wrath
  3823 | D:5      | Found a bloodstained altar of Trog.
  3838 | D:5      | Reached skill level 5 in Fighting
  3896 | D:5      | Found a glowing drain.
  3901 | Sewer    | Entered a sewer
  4918 | D:5      | Found a glowing silver altar of Zin.
  4918 | D:5      | Found an opulent altar of Gozag.
  5085 | D:5      | Found a burning altar of Makhleb.
  5086 | D:5      | Found a radiant altar of Vehumet.
  5111 | D:5      | Reached XP level 9. HP: 65/68 MP: 11/11
  5211 | D:6      | Reached * piety under the Shining One
  5621 | D:6      | Found a sacrificial altar of Ru.
  5647 | D:6      | Found a blossoming altar of Fedhas.
  5702 | D:6      | Noticed Heedrag's ghost (novice DECj)
  5711 | D:6      | Killed Heedrag's ghost
  5887 | D:6      | Reached skill level 5 in Evocations
  6537 | D:7      | Reached skill level 5 in Axes
  6566 | D:7      | Reached XP level 10. HP: 77/77 MP: 13/13
  6779 | D:7      | Reached ** piety under the Shining One
  7499 | D:8      | Noticed Maurice
  7500 | D:8      | Found a shadowy altar of Dithmenos.
  7524 | D:8      | Killed Maurice
  7856 | D:8      | Reached *** piety under the Shining One
  8277 | D:9      | Reached XP level 11. HP: 82/87 MP: 15/15
  8379 | D:9      | Found a deep blue altar of Sif Muna.
  8379 | D:9      | Found a snail-covered altar of Cheibriados.
  8379 | D:9      | Found a shattered altar of Ashenzari.
  8506 | D:9      | Found a staircase to the Lair.
  8919 | D:9      | Reached skill level 10 in Shields
  8952 | D:10     | Entered Level 10 of the Dungeon
  8992 | D:10     | Found a shattered altar of Ashenzari.
  9053 | D:10     | Noticed Heedrag's ghost (novice DECj)
  9062 | D:10     | Killed Heedrag's ghost
  9062 | D:10     | Reached **** piety under the Shining One
  9073 | D:10     | Found Jaluelugyts's Assorted Antiques.
  9243 | D:10     | Reached skill level 5 in Dodging
  9562 | D:11     | Found Axoqase's Armour Emporium.
  9570 | D:11     | Bought a +0 pair of gloves for 72 gold pieces
  9754 | D:11     | Noticed an unseen horror
  9767 | D:11     | Killed an unseen horror
  9889 | D:11     | Found a staircase to the Orcish Mines.
 10023 | D:11     | Reached skill level 1 in Invocations
 10237 | D:12     | Noticed a white ugly thing
 10251 | D:12     | Killed a white ugly thing
 10464 | D:12     | Noticed a six-headed hydra
 10489 | D:12     | Killed a six-headed hydra
 10489 | D:12     | Reached XP level 12. HP: 21/96 MP: 16/16
 10838 | D:12     | Noticed an unseen horror
 10851 | D:12     | Killed an unseen horror
 11037 | D:12     | Got a pair of ancient gloves
 11052 | D:12     | Identified the +2 pair of gloves of the Thistle {rElec Str+5} (You found it on level 12 of the Dungeon)
 11287 | D:12     | Learned a level 7 spell: Dragon Form
 11353 | D:12     | Noticed an unseen horror
 11363 | D:12     | Killed an unseen horror
 11448 | D:13     | Reached skill level 10 in Fighting
 11617 | D:13     | Reached skill level 1 in Transmutations
 11659 | D:13     | Noticed Ferkelamun's ghost (adept MfSk)
 11661 | D:13     | Found a gate to the Vaults.
 11671 | D:13     | Noticed a giant orange brain
 11671 | D:13     | a giant orange brain changed into a moth of wrath
 11926 | D:13     | Noticed Snorg
 11997 | Lair:1   | Entered Level 1 of the Lair of Beasts
 12033 | Lair:1   | Reached skill level 10 in Axes
 12147 | Lair:1   | Reached ***** piety under the Shining One
 12181 | Lair:1   | Reached XP level 13. HP: 102/104 MP: 17/17
 12630 | Lair:2   | Noticed a four-headed hydra
 12647 | Lair:2   | Killed a four-headed hydra
 13744 | Lair:3   | Reached skill level 5 in Invocations
 15245 | Lair:4   | Found a staircase to the Shoals.
 15577 | Lair:5   | Reached skill level 10 in Armour
 15823 | Lair:5   | Found a staircase to the Snake Pit.
 16173 | Lair:5   | Reached XP level 14. HP: 96/113 MP: 18/18
 16311 | Lair:5   | Noticed Maud
 16326 | Lair:5   | Killed Maud
 17520 | Lair:6   | Gained mutation: You are resistant to electric shocks. [potion of mutation]
 17520 | Lair:6   | Gained mutation: Your muscles are strong. (Str +2) [potion of mutation]
 17520 | Lair:6   | Gained mutation: You are covered in fur (AC +1). [potion of mutation]
 17719 | Lair:7   | Reached skill level 5 in Transmutations
 18483 | Lair:7   | Found a snail-covered altar of Cheibriados.
 18867 | Lair:8   | Entered Level 8 of the Lair of Beasts
 18867 | Lair:8   | Found a viscous altar of Jiyva.
 18867 | Lair:8   | Found a staircase to the Slime Pits.
 18943 | Lair:8   | Reached XP level 15. HP: 89/121 MP: 7/20
 20810 | Orc:1    | Entered Level 1 of the Orcish Mines
 20817 | Orc:1    | Noticed Harold
 20820 | Orc:1    | Noticed a stone giant
 20820 | Orc:1    | Noticed Josephine
 20833 | Orc:1    | Killed a stone giant
 20837 | Orc:1    | Killed Josephine
 20848 | Orc:1    | Killed Harold
 21184 | Orc:1    | Found Viyp's Armour Shoppe.
 21395 | Orc:2    | Entered Level 2 of the Orcish Mines
 21401 | Orc:2    | Found Pyczima's Weapon Boutique.
 21536 | Orc:2    | Found a staircase to the Elven Halls.
 21637 | Orc:2    | Noticed an orc warlord
 21663 | Orc:2    | an orc warlord changed into an alligator snapping turtle
 22014 | Orc:2    | Found Eguore's Antique Weapon Shop.
 22015 | Orc:2    | Found a roughly hewn altar of Beogh.
 22018 | Orc:2    | Found Juovvebb's Antique Armour Boutique.
 22023 | Orc:2    | Bought a pair of runed boots for 148 gold pieces
 22082 | Orc:2    | Found a roughly hewn altar of Beogh.
 22082 | Orc:2    | Found Syrhea's Assorted Antiques.
 22135 | Orc:2    | Found a roughly hewn altar of Beogh.
 22237 | Orc:2    | Found a roughly hewn altar of Beogh.
 22248 | Orc:2    | Found Tadiate's Antique Weapon Boutique.
 22280 | Orc:2    | Found a roughly hewn altar of Beogh.
 22327 | Orc:2    | Found a roughly hewn altar of Beogh.
 22403 | Orc:2    | Found a roughly hewn altar of Beogh.
 22525 | Elf:1    | Entered Level 1 of the Elven Halls
 22687 | Elf:1    | Found a gateway to a bazaar.
 22781 | Elf:1    | Noticed Nikola
 22845 | Elf:1    | Reached XP level 16. HP: 75/131 MP: 22/22
 22886 | Elf:1    | Killed Nikola
 23279 | D:12     | You fall through a shaft for 2 floors!
 23746 | D:14     | Identified Akuudass's Papyrus of Enthralling Dark Rituals
 24028 | D:15     | Entered Level 15 of the Dungeon
 24028 | D:15     | Found Pyrerchou's Antique Weapon Shop.
 24032 | D:15     | Found Foichuh's Armour Emporium.
 24036 | D:15     | Bought a translucent mace for 224 gold pieces
 24049 | D:15     | Identified the +5 mace "Beetleslayer" {venom, rC+} (You bought it in a shop on level 15 of the Dungeon)
 24066 | D:15     | Bought the +0 pair of boots "Rim Genu" {MR+ Int+2} for 340 gold pieces
 24371 | D:15     | Found a staircase to the Depths.
 25531 | D:13     | Found Poeseuc's Jewellery Emporium.
 25539 | D:13     | Bought an uncursed ring of resist corrosion for 260 gold pieces
 25539 | D:13     | Bought an uncursed ring of ice for 325 gold pieces
 25600 | D:13     | Killed Snorg
 25715 | D:13     | Killed Ferkelamun's ghost
 26143 | Slime:1  | Entered Level 1 of the Pits of Slime
 26145 | Slime:1  | Noticed an acid blob
 26157 | Slime:1  | Killed an acid blob
 26534 | Shoals:1 | Entered Level 1 of the Shoals
 26659 | Shoals:1 | Reached XP level 17. HP: 82/139 MP: 18/24
 27088 | Shoals:1 | Reached skill level 10 in Invocations
 30369 | Shoals:3 | HP: 3/140 [merfolk/tomahawk (9)]
 30927 | Shoals:3 | Found Manug's Assorted Antiques.
 31071 | Shoals:4 | Entered Level 4 of the Shoals
 31071 | Shoals:4 | Noticed Roxanne
 31263 | Shoals:4 | Noticed Ilsuiw
 31275 | Shoals:4 | Killed Ilsuiw
 31304 | Shoals:4 | Reached XP level 18. HP: 54/147 MP: 19/26
 31711 | Shoals:4 | Reached skill level 15 in Axes
 32991 | Shoals:4 | Reached skill level 15 in Shields
 33026 | Shoals:4 | Noticed a kraken
 33032 | Shoals:4 | Killed a kraken
 33039 | Shoals:4 | Got a barnacled rune of Zot
 33196 | Snake:1  | Entered Level 1 of the Snake Pit
 33236 | Snake:1  | Reached skill level 15 in Fighting
 33236 | Snake:1  | Reached skill level 1 in Throwing
 33236 | Snake:1  | Reached skill level 1 in Unarmed Combat
 33236 | Snake:1  | Reached skill level 1 in Spellcasting
 33236 | Snake:1  | Reached XP level 19. HP: 134/155 MP: 27/27
 33544 | Snake:1  | You fall through a shaft!
 34003 | Snake:1  | Reached skill level 10 in Dodging
 34905 | Vaults:1 | Entered Level 1 of the Vaults
 35109 | Depths:1 | Entered Level 1 of the Depths
 35667 | Depths:1 | Noticed a lich
 36044 | Depths:1 | Got a shimmering scale mail
 36045 | Depths:1 | Identified the +0 scale mail of Vehumet's Indignation {Str+7 Dex-5} (You found it on level 1 of the Depths)
 36056 | Depths:1 | Found a runed door.
 36135 | Depths:1 | Reached XP level 20. HP: 160/163 MP: 29/29
 36180 | Depths:1 | Noticed Aizul
 36196 | Depths:1 | Killed from afar by a fire dragon

Skill      XL: |  1  2  3  4  5  6  7  8  9 10 11 12 13 14 15 16 17 18 19 |
---------------+----------------------------------------------------------+-----
Shields        | 4 5 6 8 9 10 11 12 13 14 15 | 15.5
Maces & Flails | 1 2 |  2.1
Dodging        | 1 2 3 4 5 6 7 8 9 10 | 10.0
Axes           | 3 4 5 6 8 10 11 12 13 14 15 | 15.5
Fighting       | 4 5 6 8 9 10 11 12 13 14 15 | 15.4
Armour         | 4 5 6 7 8 9 10 11 12 13 | 13.7
Evocations     | 1 2 3 5 6 |  6.0
Invocations    | 2 4 6 7 8 9 11 12 | 12.4
Transmutations | 2 4 5 6 7 8 9 |  9.7
Throwing       | 1 |  1.1
Unarmed Combat | 1 |  1.1
Spellcasting   | 1 |  1.1

Action                   |  1- 3 |  4- 6 |  7- 9 | 10-12 | 13-15 | 16-18 | 19-21 || total
-------------------------+-------+-------+-------+-------+-------+-------+-------++-------
Melee: Whip              |    70 |   114 |    28 |       |       |       |       ||   212
       War axe           |     1 |       |   416 |   121 |       |       |       ||   538
       Battleaxe         |       |       |       |   428 |  1053 |  1059 |   220 ||  2760
       Spear             |       |       |       |    47 |    59 |       |       ||   106
       Trident           |       |       |       |    18 |       |       |       ||    18
       Broad axe         |       |       |       |       |       |    17 |       ||    17
Invok: Divine Shield     |       |       |       |     4 |     5 |       |       ||     9
       Cleansing Flame   |       |       |       |       |     8 |     8 |     3 ||    19
       Summon Divine War |       |       |       |       |       |     7 |     2 ||     9
 Abil: Dig               |       |       |       |       |       |     1 |     1 ||     2
       Shaft Self        |       |       |       |       |       |     1 |       ||     1
Evoke: Wand              |       |       |       |       |     4 |    30 |     4 ||    38
       Deck              |       |       |       |       |     1 |       |       ||     1
  Use: Scroll            |     7 |     3 |     6 |     8 |    16 |    12 |     3 ||    55
       Potion            |       |     1 |     3 |     4 |     7 |     9 |     9 ||    33
  Eat: Beef jerky        |     1 |       |     1 |     3 |     1 |       |       ||     6
       Fruit             |       |     2 |       |     5 |       |     1 |       ||     8
       Royal jelly       |       |     1 |     1 |       |     1 |     2 |     1 ||     6
       Pizza             |       |       |     2 |       |     4 |     9 |       ||    15
       Bread ration      |       |       |     1 |       |       |       |       ||     1
       Meat ration       |       |       |     1 |     3 |     5 |     4 |     2 ||    15
Armor: Scale mail        |    30 |    54 |   143 |       |       |       |       ||   227
       Plate armour      |       |       |    34 |   257 |   347 |   400 |    76 ||  1114
Dodge: Dodged            |    21 |    32 |    99 |   143 |   436 |   496 |   110 ||  1337
Block: Shield            |    43 |    47 |       |       |       |       |       ||    90
       Large shield      |       |    25 |   431 |   663 |  1316 |  1480 |   305 ||  4220
